 Dungeon Crawl Stone Soup version 0.28.0 (webtiles) character file.

Game seed: 6290721247727587160

2 RighteousDevil the Ogre Mage (level 1, 0/18 HPs)
             Began as an Ogre Wanderer on Feb 10, 2022.
             Slain by a hobgoblin (2 damage)
             ... on level 1 of the Dungeon.
             The game lasted 00:00:36 (43 turns).

RighteousDevil the Ogre Mage (Ogre Wanderer)          Turns: 43, Time: 00:00:37

Health: 0/18       AC:  3    Str: 15    XL:     1   Next: 40%
Magic:  5/5        EV:  7    Int: 14    God:
Gold:   0          SH:  6    Dex:  7    Spells: 7/7 levels left

rFire   . . .      SeeInvis .   a - +0 flail
rCold   . . .      Faith    .   b - +0 kite shield
rNeg    . . .      Spirit   .   c - +0 robe
rPois   .          Reflect  .   (helmet restricted)
rElec   .          Harm     .   (no cloak)
rCorr   .          Rampage  .   (gloves unavailable)
Will    .....                   (boots unavailable)
Stlth   +.........              (no amulet)
HPRegen 0.06/turn               (no ring)
MPRegen 0.09/turn               (no ring)

@: no status effects
A: large, unfitting armour, tough skin 1
a: no special abilities


You were on level 1 of the Dungeon.
You visited 1 branch of the dungeon, and saw 1 of its levels.

Inventory:

Hand Weapons
 a - a +0 flail (weapon)
Missiles
 e - 11 stones (quivered)
Armour
 b - a +0 kite shield (worn)
 c - a +0 robe (worn)
Scrolls
 d - a scroll of immolation {unknown}
 f - a scroll of amnesia {unknown}


   Skills:
 + Level 0.3 Fighting
 * Level 2.8 Maces & Flails
 - Level 1.0 Throwing
 + Level 1.0 Shields
 - Level 3.6 Spellcasting
 - Level 1.0 Air Magic
 - Level 1.0 Evocations


You had 7 spell levels left.
You didn't know any spells.
Your spell library contained the following spells:

 Spells                   Type           Power      Damage    Failure   Level
 Corpse Rot               Necr/Air       6%         N/A       54%         2
 Static Discharge         Conj/Air       3%         N/A       54%         2


Dungeon Overview and Level Annotations

Branches:
Dungeon (1/15)

Altars:


Innate Abilities, Weirdness & Mutations

You are too large for most types of armour.
You have tough skin. (AC +1)


Message History

The kobold hits you with a +0 club. You block the quokka's attack.
The kobold hits you with a +0 club.
You closely miss the quokka. The quokka barely misses you.
The kobold barely misses you. The quokka closely misses you.
You closely miss the quokka. The quokka bites you.
You block the kobold's attack.
Unknown command.
The quokka bites you.
You barely miss the quokka. The quokka barely misses you.
You hit the quokka.
The quokka is heavily wounded.
The quokka bites you.
* * * LOW HITPOINT WARNING * * *
The quokka bites you but does no damage.
Throw: 12 stones
Press: ? - help, Q - select action Shift-Dir - straight line, f - quokka
Aim: a quokka (heavily wounded, 35% to hit)
You throw a stone.
The stone hits the quokka but does no damage.
The quokka is heavily wounded.
The quokka barely misses you.
You aren't carrying any potions.
You barely miss the quokka.
The quokka is heavily wounded.
The quokka closely misses you.
The quokka bites you but does no damage.
You closely miss the quokka.
The quokka is heavily wounded.
You block the quokka's attack. The quokka bites you.
* * * LOW HITPOINT WARNING * * *
You closely miss the quokka.
The quokka is heavily wounded.
The quokka bites you but does no damage.
The quokka barely misses you.
You hit the quokka.
You kill the quokka!
You hit the kobold.
You kill the kobold!
You completely miss the hobgoblin. The hobgoblin hits you.
You die...

.#####...######...####
.. ##.###...#.#.# ..
#.#.........##### .
#.##............. #.
#.##.#.##.#######
#.##+#...#.#.#
#......###..#
##.##>..#.#.#
##@##.#.##.#
#g###.####.# #..# #..
..# #.... ...# ###
#..... ..# #....#.
....#### ....## #.#>#


You could see a hobgoblin.

Vanquished Creatures
  A kobold (D:1)
  A quokka (D:1)
2 creatures vanquished.

Notes
Turn   | Place    | Note
-------+----------+-------------------------------------------
     0 | D:1      | RighteousDevil the Ogre Wanderer began the quest for the
                  | Orb.
     0 | D:1      | RighteousDevil set off with the following items: a +0
                  | flail, a +0 kite shield, a +0 robe; and the following
                  | spells available to memorise: Corpse Rot, Static Discharge
     0 | D:1      | Reached XP level 1. HP: 16/16 MP: 5/5
    43 | D:1      | Slain by a hobgoblin

Illustrated notes

Levels and vault maps discovered:
D:1:      mrwooster_arrival_arrow, layout_loops_ring,
          dreamdust_ecumenical_altar_grove

Action                   || total
-------------------------++-------
Melee: Flail             ||    12
Throw: Stone             ||     1
Armor: Robe              ||     4
Dodge: Dodged            ||     7
Block: Kite shield       ||     4
